 Dungeon Crawl Stone Soup version 0.24-a0-586-g8e0e932a4c (webtiles) character file.

Game seed: 225343796542622442, levelgen mode: deterministic

33 MenacingMecha the Insei (level 3, -2/29 HPs)
             Began as a Mummy Monk on Sept 7, 2019.
             Slain by an adder (4 damage)
             ... on level 2 of the Dungeon.
             The game lasted 00:02:41 (1565 turns).

MenacingMecha the Insei (Mummy Monk)                Turns: 1565, Time: 00:02:42

Health: -2/29      AC:  2    Str: 14    XL:     3   Next: 12%
Magic:  3/3        EV: 13    Int:  9    God:
Gold:   91         SH:  0    Dex: 15    Spells: 2/2 levels left

rFire    x . .     SeeInvis .     - Unarmed
rCold    + . .     Gourm    .   (no shield)
rNeg     + + +     Faith    .   a - +0 robe
rPois    ∞         Spirit   .   (no helmet)
rElec    .         Reflect  .   (no cloak)
rCorr    .         Harm     .   (no gloves)
MR       .....                  (no boots)
Stlth    ++........             (no amulet)
HPRegen  0.09/turn              (no ring)
MPRegen  0.08/turn              (no ring)

@: no status effects
A: no food or potions, fire vulnerability, cold resistance 1, negative energy
resistance 3, torment resistance, unbreathing
a: no special abilities


You were on level 2 of the Dungeon.
You were not hungry.

You visited 1 branch of the dungeon, and saw 2 of its levels.

You collected 91 gold pieces.

Inventory:

Hand Weapons
 c - a +0 whip
   (You found it on level 1 of the Dungeon)
Missiles
 f - 18 poisoned darts
 j - 62 stones (quivered)
Armour
 a - a +0 robe (worn)
 h - a +0 helmet
   (You found it on level 1 of the Dungeon)
Scrolls
 b - a scroll of remove curse {unknown}
 d - 3 scrolls of identify
 e - a scroll of teleportation
 g - a scroll of blinking {unknown}
 i - a scroll of amnesia {unknown}


   Skills:
 - Level 3.0 Fighting
 - Level 2.4 Dodging
 - Level 1.5 Stealth
 + Level 3.5 Unarmed Combat


You had 2 spell levels left.
You didn't know any spells.
Your spell library was empty.

Dungeon Overview and Level Annotations

Branches:
Dungeon (2/15)

Altars:


Innate Abilities, Weirdness & Mutations

You do not eat or drink.
Your flesh is vulnerable to fire.
You are immune to poison.
Your flesh is cold resistant. (rC+)
You are immune to negative energy. (rN+++)
You are immune to unholy pain and torment.
You can survive without breathing.


Message History

You kill the hobgoblin!
You have reached level 3!
Your experience leads to an increase in your attributes!
Increase (S)trength, (I)ntelligence, or (D)exterity?
You feel agile.
d - 4 scrolls labeled WUIMAMNEZEL (gained 1)
Things that are here:
a +0 dagger; a hobgoblin corpse You can't eat.
You start resting.
A jackal comes into view.
A jackal is nearby!
The jackal barks!
You hear a shout!
You hear a bark! x2
A hobgoblin comes into view. It is wielding a +1 mace of holy wrath.
The hobgoblin shouts!
The jackal barely misses you.
A jackal comes into view.
You closely miss the jackal. The jackal bites you.
A jackal comes into view.
The jackal closely misses you.
You hit the jackal but do no damage.
The jackal bites you but does no damage.
You closely miss the jackal. The jackal barely misses you.
You hit the jackal.
The jackal is almost dead.
The jackal closely misses you. The jackal barely misses you.
The jackal barely misses you. The jackal closely misses you.
A jackal comes into view.
The jackal barks!
You hit the jackal but do no damage.
The jackal is almost dead.
You hear an angry hiss.
The jackal bites you.
You hit the jackal.
You kill the jackal!
You closely miss the jackal. The jackal barely misses you.
An adder comes into view.
You hit the jackal.
The jackal is lightly wounded.
The jackal bites you. The jackal completely misses you.
You barely miss the jackal.
The jackal is lightly wounded.
The jackal closely misses you.
You barely miss the jackal.
The jackal is lightly wounded.
The jackal closely misses you.
Press: ? - help, v - describe, . - travel
Here: a hobgoblin, wielding a +1 mace of holy wrath The floor.
You hit the jackal.
The jackal is severely wounded.
The jackal closely misses you.
The jackal bites you but does no damage.
You hit the jackal.
You kill the jackal!
The jackal barely misses you.
You hit the jackal but do no damage. The jackal completely misses you.
You closely miss the jackal.
The jackal bites you but does no damage.
You hit the jackal.
The jackal is lightly wounded.
The jackal barely misses you.
You barely miss the jackal.
The jackal is lightly wounded.
The jackal completely misses you. The jackal closely misses you.
You barely miss the jackal.
The jackal is lightly wounded.
The jackal bites you.
You miss the jackal.
The jackal is lightly wounded.
The jackal bites you but does no damage.
The jackal barely misses you.
You hit the jackal.
You kill the jackal!
You closely miss the adder. The adder bites you.
You closely miss the adder. The adder barely misses you.
The adder closely misses you.
You miss the adder. The adder barely misses you.
You closely miss the adder. The adder bites you.
You barely miss the adder. The adder bites you.
You miss the adder. The adder closely misses you.
You miss the adder. The adder bites you.
You hit the adder but do no damage. The adder bites you. x2
* * * LOW HITPOINT WARNING * * *
You miss the adder. The adder bites you.
* * * LOW HITPOINT WARNING * * *
Things that are here:
a jackal corpse x3
The adder bites you.
* * * LOW HITPOINT WARNING * * *
You closely miss the adder. The adder misses you.
You barely miss the adder. The adder bites you.
* * * LOW HITPOINT WARNING * * *
You can't drink.
As you read the scroll labeled WUIMAMNEZEL, it crumbles to dust.
It is a scroll of identify.
e - a scroll of teleportation The adder bites you.
You die...

#.##.# #.##.#
#######.##.#
............
######.#... #.#..#
########### #.....
#.........####.###.
#@#######......# #.
#S# ######.###. #g#
#......... #h#
#.#####.## #.# #.#
###.### #.#
###.....# #..
#...).#.### ###
#.###..>..###


You could see an adder, a jackal and a hobgoblin.

Vanquished Creatures
  A worm (D:2)
  2 leopard geckos (D:1)
  4 bats
  A giant cockroach (D:1)
  A goblin (D:1)
  2 hobgoblins
  6 jackals (D:2)
  A ball python (D:1)
  A frilled lizard (D:1)
  4 kobolds (D:1)
  4 rats (D:1)
27 creatures vanquished.

Notes
Turn   | Place    | Note
-------+----------+-------------------------------------------
     0 | D:1      | MenacingMecha the Mummy Monk began the quest for the Orb.
     0 | D:1      | Reached XP level 1. HP: 18/18 MP: 1/1
   245 | D:1      | Reached skill level 3 in Unarmed Combat
   245 | D:1      | Reached XP level 2. HP: 19/24 MP: 2/2
  1483 | D:2      | Reached XP level 3. HP: 22/29 MP: 3/3
  1558 | D:2      | HP: 4/29 [adder (4)]
  1564 | D:2      | HP: 2/29 [adder (2)]
  1565 | D:2      | Slain by an adder

Levels and vault maps discovered:
D:1:      lemuel_arrival_rhombus, layout_basic
D:2:      layout_loops_ring

Skill      XL: |  1 |
---------------+----+-----
Unarmed Combat | 3 |  3.5
Fighting       | |  3.0
Dodging        | |  2.4
Stealth        | |  1.5

Action                   || total
-------------------------++-------
Melee: Unarmed           ||   118
       Punch             ||     2
Throw: Stone             ||     2
  Use: Scroll            ||     1
 Stab: Sleeping          ||     5
Armor: Robe              ||    29
Dodge: Dodged            ||    86

Table legend:
 A = Non-vault XP
 B = Vault XP
 C = Vault XP percentage of total XP
 D = Non-vault monster count
 E = Vault monster count
 F = Vault count percentage of total count
                 A         B        C        D         E       F
            +---------+---------+-------+---------+---------+-------
      Total |      48 |       0 |   0.0 |      27 |       0 |   0.0
            +---------+---------+-------+---------+---------+-------
        D:1 |      28 |       0 |   0.0 |      18 |       0 |   0.0
        D:2 |      20 |       0 |   0.0 |       9 |       0 |   0.0
            +---------+---------+-------+---------+---------+-------

Levels and vault maps discovered:
D:1:      lemuel_arrival_rhombus, layout_basic
D:2:      layout_loops_ring

Table legend:
 A = Turns spent in this place as a percentage of turns spent in the entire game.
 B = Non-inter-level travel turns spent in this place as a percentage of non-inter-level travel turns spent in the entire game.
 C = Inter-level travel turns spent in this place as a percentage of turns spent in this place.
 D = Turns resting spent in this place as a percentage of non-inter-level travel turns spent in this place.
 E = Turns spent auto-exploring this place as a percentage of non-inter-level travel turns spent in this place.
 F = Non-inter-level travel turns spent in this place divided by the number of levels of this place that you've seen.
                   A       B       C       D       E      F
               +-------+-------+-------+-------+-------+----------------------
         Total | 100.0 | 100.0 |   2.2 |  36.3 |  41.4 | 765.0
       Dungeon | 100.0 | 100.0 |   2.2 |  36.3 |  41.4 | 765.0
               +-------+-------+-------+-------+-------+----------------------

Table legend:
 A = Kills in this place as a percentage of kills in entire the game.
 B = Kills by you in this place as a percentage of kills by you in the entire game.
 C = Kills by friends in this place as a percentage of kills by friends in the entire game.
 D = Other kills in this place as a percentage of other kills in the entire game.
 E = Experience gained in this place as a percentage of experience gained in the entire game.
 F = Experience gained in this place divided by the number of levels of this place that you have seen.
                   A       B       C       D       E      F
               +-------+-------+-------+-------+-------+----------------------
         Total | 100.0 | 100.0 |   N/A |   N/A | 100.0 |  24.0
       Dungeon | 100.0 | 100.0 |   N/A |   N/A | 100.0 |  24.0
               +-------+-------+-------+-------+-------+----------------------
